 Dungeon Crawl Stone Soup version 0.30.1-9-gdf580d7c3d (webtiles) character file.

Game seed: 12052455736509288683

784 Cassiopeia the Covered (level 7, -1/96 HPs)
             Began as an Armataur Berserker on Sept 26, 2023.
             Was a Believer of Trog.
             Slain by an orc
             ... wielding a +0 short sword
              (3 damage)
             ... on level 5 of the Dungeon.
             The game lasted 00:08:48 (6811 turns).

Cassiopeia the Covered (Armataur Berserker)         Turns: 6811, Time: 00:08:49

Health: -1/96      AC: 22    Str: 23    XL:     7   Next: 55%
Magic:  7/7        EV:  5    Int:  7    God:    Trog [**....]
Gold:   283        SH:  0    Dex: 11    Spells: 6/6 levels left

rFire   . . .        v - +0 war axe
rCold   . . .        (no shield)
rNeg    . . .        w - +8 chain mail of the Thunderstorm {rPois Stlth+}
rPois   +            (no helmet)
rElec   .            (no cloak)
rCorr   .            (no gloves)
SInv    .            p - +0 barding
Will    .....        (no amulet) Stlth
                     (no ring)
HPRegen 0.36/turn    (no ring)
MPRegen 0.10/turn

%: roll
@: berserking, very quick
A: large, rugged brown scales 3, deformed body, armoured tail, roll, long
tongue, awkward tongue
a: Renounce Religion, Berserk, Trog's Hand


You were on level 5 of the Dungeon.
You worshipped Trog.
Trog was pleased with you.
You visited 1 branch of the dungeon, and saw 5 of its levels.

You collected 283 gold pieces.

Inventory:

Hand Weapons
 a - a +0 hand axe
 v - a +0 war axe (weapon)
Missiles
 u - 2 boomerangs (quivered)
Armour
 p - a +0 barding (worn)
 w - the +8 chain mail of the Thunderstorm (worn) {rPois Stlth+}
   (You took it off a kobold on level 4 of the Dungeon)

   rPois:     It protects you from poison.
   Stlth:     It makes you more stealthy.
Wands
 r - a wand of polymorph (11)
Scrolls
 b - a scroll of brand weapon {unknown}
 c - a scroll of teleportation
 f - a scroll of blinking
 h - a scroll of fog {unknown}
 k - a scroll of vulnerability {unknown}
 n - a scroll of amnesia {unknown}
 o - a scroll of magic mapping {unknown}
 q - a scroll of summoning {unknown}
 s - a scroll of fear {unknown}
 t - a scroll of poison {unknown}
Potions
 d - a potion of invisibility
 e - a potion of attraction
 g - 2 potions of curing
 i - 2 potions of flight
 j - a potion of heal wounds {unknown}
 l - 2 potions of might
 m - a potion of berserk rage {unknown}


   Skills:
 + Level 4.7 Fighting
 + Level 4.2 Axes
 + Level 5.6 Armour
 + Level 3.4 Dodging


You had 6 spell levels left.
You didn't know any spells.
Your spell library was empty.

Dungeon Overview and Level Annotations

Branches:
Dungeon (5/15)
 Temple: D:4-7

Altars:
Cheibriados
Elyvilon
Okawaru
Trog
Xom
The Shining One


Innate Abilities, Weirdness & Mutations

You are completely covered in rugged brown scales. (AC +3, +7% HP)
Armour fits poorly on your strangely shaped body.
You have a long armoured tail.
You roll when moving toward enemies. (Rampage)
Your long tongue fully drains potion bottles. (2x potion effects)
Your tongue gives you trouble enunciating. (1.5x scroll delay)


Message History

* * * LOW HITPOINT WARNING * * *
The gnoll sergeant hits you but does no damage.
An orc comes into view. It is wielding a +0 short sword.
Unknown command.
You closely miss the gnoll sergeant.
The gnoll sergeant is lightly wounded.
The orc shouts!
You hear a shout!
You hear a bark!
The gnoll sergeant hits you but does no damage.
The gnoll barely misses you.
Unknown command.
The gnoll sergeant blocks your attack.
The gnoll sergeant is lightly wounded.
The gnoll sergeant barely misses you. The gnoll barely misses you.
Unknown command.
The gnoll sergeant blocks your attack.
Your tail-slap misses the gnoll sergeant.
The gnoll sergeant is lightly wounded.
You hit the gnoll sergeant.
The gnoll sergeant is lightly wounded.
The gnoll sergeant hits you but does no damage.
The gnoll hits you from afar with a +0 halberd.
* * * LOW HITPOINT WARNING * * *
You slash the gnoll sergeant!
The gnoll sergeant is heavily wounded.
You hit the orc.
The gnoll sergeant hits you with a +0 spear.
* * * LOW HITPOINT WARNING * * *
The orc hits you but does no damage. The gnoll barely misses you.
You barely miss the gnoll sergeant.
The gnoll sergeant is heavily wounded.
You hit the orc.
The gnoll sergeant hits you with a +0 spear.
* * * LOW HITPOINT WARNING * * *
The orc barely misses you. The gnoll closely misses you.
The gnoll sergeant blocks your attack.
The gnoll sergeant is heavily wounded.
You closely miss the orc.
The gnoll sergeant hits you but does no damage.
The orc hits you with a +0 short sword.
You die...

###. .#.#.. ......
#..... #.....# .....
....... ...... .....go##
........ ..##g@###
..##.... #..##...#
..###...## #.##....#
..##.....###.#..##....#
..#.8...8.#..##.# ....#
.............##.##..^##
......⌠.......#....>...
.....................#..
..#.8...8.#.###.........


You could see a gnoll sergeant, a gnoll and an orc.

Vanquished Creatures
  Eustachio (D:4)
  A black bear (D:5)
  An ogre (D:4)
  A scorpion (D:3)
  A hound (D:5)
  2 orc priests (D:3)
  A sleepcap (D:3)
  2 iguanas
  An orc wizard (D:3)
  9 gnolls
  4 adders
  2 worms
  3 dart slugs
  14 orcs
  7 ball pythons
  5 endoplasms
  3 giant cockroaches
  7 goblins
  8 hobgoblins
  5 kobolds
  5 quokkas
  2 bats
  3 frilled lizards
  7 rats
95 creatures vanquished.

Notes
Turn   | Place    | Note
-------+----------+-------------------------------------------
     0 | D:1      | Cassiopeia the Armataur Berserker began the quest for the
                  | Orb.
     0 | D:1      | Reached XP level 1. HP: 19/19 MP: 1/1
   106 | D:1      | Reached XP level 2. HP: 26/26 MP: 2/2
   361 | D:1      | Found a faded altar of an unknown god.
   577 | D:2      | Reached skill level 3 in Armour
   579 | D:2      | Reached XP level 3. HP: 29/33 MP: 3/3
   661 | D:2      | Reached ** piety under Trog
   662 | D:2      | Reached XP level 4. HP: 15/40 MP: 4/4
  2671 | D:3      | Found a snail-covered altar of Cheibriados.
  2671 | D:3      | Found a white marble altar of Elyvilon.
  2684 | D:3      | Found a bloodstained altar of Trog.
  2763 | D:3      | Noticed a scorpion
  2770 | D:3      | Killed a scorpion
  2771 | D:3      | Reached skill level 4 in Armour
  2771 | D:3      | Reached XP level 5. HP: 32/48 MP: 5/5
  2987 | D:3      | Found a shimmering altar of Xom.
  2987 | D:3      | Found a glowing golden altar of the Shining One.
  3096 | D:3      | Reached XP level 6. HP: 55/55 MP: 6/6
  3702 | D:3      | Found a bloodstained altar of Trog.
  3959 | D:3      | Found a shimmering altar of Xom.
  3959 | D:3      | Found a glowing golden altar of the Shining One.
  4528 | D:4      | Noticed Eustachio
  4893 | D:4      | Identified the +8 chain mail of the Thunderstorm {rPois
                  | Stlth+}
  5064 | D:4      | Found an iron altar of Okawaru.
  5171 | D:4      | Killed Eustachio
  5172 | D:4      | Reached skill level 5 in Armour
  5172 | D:4      | Reached XP level 7. HP: 60/64 MP: 7/7
  5879 | D:4      | Found an iron altar of Okawaru.
  6639 | D:5      | Entered Level 5 of the Dungeon
  6809 | D:5      | HP: 4/96 [gnoll sergeant/+0 spear (1)]
  6811 | D:5      | Slain by an orc

Illustrated notes

Levels and vault maps discovered:
D:1:      ncdulo_halloftheorcs, layout_rooms,
          shapermc_ecumenical_altar_flowoftime
D:2:      layout_loops_corners
D:3:      layout_basic, bloody_trog, mainiacjoe_overflow_divided_tiny,
          gammafunk_temple_overflow_elements
D:4:      layout_layer_cave, okawaru_ov_weapons_minmay, uniq_eustachio
D:5:      layout_cave_pools, minmay_misc_feat_chi, wad_floor_pattern_untrapped

Skill      XL: |  1  2  3  4  5  6 |
---------------+-------------------+-----
Fighting       | 3 4 |  4.7
Armour         | 3 4 5 |  5.6
Dodging        | 2 3 |  3.4
Axes           | 3 4 |  4.2

Action                     |  1- 3 |  4- 6 |  7- 9 || total
---------------------------+-------+-------+-------++-------
  Melee: Hand axe          |    62 |   189 |       ||   251
         Tailslap          |     7 |    20 |     4 ||    31
         Punch             |       |     3 |       ||     3
         War axe           |       |     7 |    49 ||    56
  Throw: Boomerang         |       |     3 |       ||     3
 Invoke: Berserk           |       |     3 |     1 ||     4
         Trog's Hand       |       |     1 |       ||     1
    Use: Scroll            |       |     2 |     5 ||     7
 Armour: Animal skin       |     8 |       |       ||     8
         Ring mail         |    15 |    62 |       ||    77
         Leather armour    |       |    22 |     7 ||    29
         Chain mail        |       |       |    37 ||    37
  Dodge: Dodged            |    29 |    62 |    21 ||   112
